 Dungeon Crawl Stone Soup version 0.16-a0-2652-gd333f3b (webtiles) character file.

39 RobertPalmer the Grave Robber (level 3, 0/21 HPs)
             Began as an Octopode Necromancer on Nov 23, 2014.
             Slain by an adder (2 damage)
             ... on level 2 of the Dungeon.
             The game lasted 00:02:20 (2239 turns).

RobertPalmer the Grave Robber (OpNe)                Turns: 2239, Time: 00:02:20

Health: 0/21       AC:  1    Str:  7    XL:     3   Next: 47%
Magic:  1/6        EV: 12    Int: 17    God:
Gold:   24         SH:  0    Dex: 13    Spells: 3 memorised, 1 level left

rFire  . . .     SeeInvis .     (no weapon)
rCold  . . .     Clarity  .     (no shield)
rNeg   . . .     SustAb   .     (helmet restricted)
rPois  .         Gourm    .     (no amulet)
rElec  .         Spirit   .     (no ring)
rCorr  .         Warding  .     (no ring)
rMut   .         Stasis   .     (no ring)
MR     .....                    (no ring)
Stlth  +++.......               (no ring)
                                (no ring)
                                (no ring)
                                (no ring)

@: lethally poisoned, not resistant to hostile enchantments, fairly stealthy
A: almost no armour, amphibious, 8 rings, constrict 8, camouflage 1, gelatinous
body 1
a: no special abilities


You were on level 2 of the Dungeon.
You were hungry.

You visited 1 branch of the dungeon, and saw 2 of its levels.

You collected 24 gold pieces.


Innate Abilities, Weirdness & Mutations

You cannot wear most types of armour.
You are amphibious.
You can wear up to eight rings at the same time.
You can use your tentacles to constrict many enemies at once.
Your skin changes colour to match your surroundings (Stealth).
Your rubbery body absorbs attacks (AC +1).


   Skills:
 - Level 2.0 Dodging
 - Level 2.6 Stealth
 - Level 2.0 Spellcasting
 + Level 5.1 Necromancy


You had one spell level left.
You knew the following spells:

 Your Spells              Type           Power        Failure   Level  Hunger
x - Vampiric Draining     Necr           ###.......   10%         3    ###....
z - Pain                  Necr           ###.         2%          1    #......
O - Animate Skeleton      Necr           N/A          2%          1    #......

Inventory:

Missiles
 n - 8 needles of slowing
Scrolls
 d - 3 scrolls of amnesia {unknown}
 f - a scroll of identify {unknown}
 g - a scroll of recharging {unknown}
 i - a scroll of teleportation {unknown}
 j - a scroll of fear {unknown}
 m - a scroll of magic mapping {unknown}
 p - a scroll of fog {unknown}
 q - a scroll of immolation {unknown}
Potions
 a - a potion of beneficial mutation {unknown}
 e - a potion of invisibility {unknown}
 h - a potion of curing {unknown}
 k - a potion of lignification {unknown}
 o - a potion of restore abilities {unknown}
 r - a potion of heal wounds {unknown}
Books
 b - a book of Necromancy
Comestibles
 c - a bread ration

Dungeon Overview and Level Annotations

Branches:
Dungeon (2/15)

Altars:

.)......# .......## .. ##.#
.##....## ..####...
######..# ....#$..# ##.#
.##.#... #.# .# ....#####
#.###.###.......
#....)#...S..# ###......Z@#
######<###...#
#....#.##....#
#..>....#..#.##
#.>.......##..###
#.....#...###...### #
#....##.### ###...##.....
####.........####..)....#
#.........#......<##.##.....


You could see an adder and a friendly goblin skeleton.


Message History

Aiming: Pain
Aim: an adder (lightly wounded)
The adder convulses in agony!
Aiming: Pain
Aim: an adder (heavily wounded)
The adder convulses in agony!
You closely miss the adder.
The adder is heavily wounded.
You are feeling hungry.
The adder bites you.
You are poisoned.
The adder poisons you! The adder bites you.
* * * LOW HITPOINT WARNING * * *
You are lethally poisoned!
The adder poisons you!
Aiming: Pain
Aim: an adder (heavily wounded)
The adder convulses in agony!
* * * LOW HITPOINT WARNING * * *
You feel sick. The adder bites you.
* * * LOW HITPOINT WARNING * * *
You are more poisoned.
The adder poisons you!
All of the chunks of flesh in your inventory have rotted away.
Aiming: Pain
Aim: an adder (severely wounded)
The adder barely resists.
* * * LOW HITPOINT WARNING * * *
You feel sick. The adder bites you.
You die...

Action                   || total
-------------------------++-------
Melee: Unarmed           ||   117
 Cast: Pain              ||    12
       Animate Skeleton  ||    11
 Stab: Sleeping          ||    11
       Distracted        ||     1
  Eat: Chunk             ||     4

Vault maps used:
D:1:      shiori_arrival_maze, amethyst_killhole, minmay_misc_feat_enclosed
D:2:      amethyst_overflow_temple_binary

Notes
Turn   | Place    | Note
--------------------------------------------------------------
     0 | D:1      | RobertPalmer, the Octopode Necromancer, began the quest for the Orb.
     0 | D:1      | Reached XP level 1. HP: 11/11 MP: 3/3
   394 | D:1      | Learned a level 1 spell: Animate Skeleton
   422 | D:1      | Reached XP level 2. HP: 15/17 MP: 4/4
   463 | D:1      | HP: 1/17 [hobgoblin/club (7)]
  1447 | D:1      | Reached XP level 3. HP: 21/21 MP: 4/6
  1660 | D:1      | Reached skill level 5 in Necromancy
  2192 | D:2      | Learned a level 3 spell: Vampiric Draining
  2239 | D:2      | HP: 2/21 [poisoned by an adder]
  2239 | D:2      | Slain by an adder

Vanquished Creatures
  3 bats (D:1)
  6 hobgoblins (D:1)
  2 jackals (D:1)
  10 kobolds
  A quokka (D:2)
  2 ball pythons
  3 giant cockroaches
  A giant gecko (D:2)
  3 giant newts (D:1)
  7 goblins
  3 rats (D:1)
41 creatures vanquished.

Vanquished Creatures (collateral kills)
  A goblin (D:1)
1 creature vanquished.

Vanquished Creatures (others)
  A giant newt skeleton (D:1)
  A goblin skeleton (D:1)
  A jackal skeleton (D:1)
  A kobold skeleton (D:1)
4 creatures vanquished.

Grand Total: 46 creatures vanquished
